 Dungeon Crawl Stone Soup version 0.27-a0-899-ge2d0b17c59 (webtiles) character file.

Game seed: 17920380240920368715

3 siradein the Ruffian (level 1, 18/19 HPs)
             Began as a Troll Warper on Apr 5, 2021.
             Quit the game on level 1 of the Dungeon.
             The game lasted 00:01:12 (128 turns).

siradein the Ruffian (Troll Warper)                  Turns: 128, Time: 00:01:13

Health: 18/19      AC:  4    Str: 18    XL:     1   Next: 41%
Magic:  1/1        EV:  9    Int:  9    God:
Gold:   0          SH:  0    Dex:  9    Spells: 2/2 levels left

rFire    . . .     SeeInvis .     - Unarmed
rCold    . . .     Faith    .   (no shield)
rNeg     . . .     Spirit   .   a - +0 robe
rPois    .         Reflect  .   (helmet restricted)
rElec    .         Harm     .   (no cloak)
rCorr    .         Rampage  .   (gloves unavailable)
Will     .....                  (boots unavailable)
Stlth    +.........             (no amulet)
HPRegen  1.06/turn              (no ring)
MPRegen  0.07/turn              (no ring)

@: no status effects
A: large, unfitting armour, claws 3, regeneration 1, shaggy fur 1, tough skin 1
a: no special abilities


You were on level 1 of the Dungeon.
You visited 1 branch of the dungeon, and saw 1 of its levels.

Inventory:

Missiles
 d - 5 boomerangs of dispersal (quivered)
Armour
 a - a +0 robe (worn)
Scrolls
 b - a scroll of immolation {unknown}
 c - a scroll of blinking
 e - a scroll of teleportation {unknown}


   Skills:
 - Level 1.5 Fighting
 - Level 0.8 Throwing
 - Level 1.9 Dodging
 + Level 2.3 Unarmed Combat
 - Level 1.2 Spellcasting
 - Level 2.1 Translocations


You had 2 spell levels left.
You didn't know any spells.
Your spell library contained the following spells:

 Spells                   Type           Power      Damage    Failure   Level
 Blink                    Tloc           N/A        N/A       22%         2
 Gell's Gravitas          Tloc           2%         N/A       41%         3
 Lesser Beckoning         Tloc           2%         N/A       41%         3
 Teleport Other           Tloc           4%         N/A       41%         3
 Manifold Assault         Tloc           4%         N/A       99%         5


Dungeon Overview and Level Annotations

Branches:
Dungeon (1/15)

Altars:


Innate Abilities, Weirdness & Mutations

You are too large for most types of armour.
You have claws for hands.
Your natural rate of healing is unusually fast.
You are covered in fur. (AC +1)
You have tough skin. (AC +1)


Message History

Found a faded altar of an unknown god.
A bat comes into view.
You barely miss the bat. You claw the bat.
You kill the bat!
You see here a bat corpse.
You open the door.
Found a weird runed staff.
There is an open door here.
You see here a staff of air.
Found 7 sling bullets.
A giant cockroach and a goblin come into view.
The goblin closely misses you.
You scratch the goblin.
The goblin is heavily wounded.
The goblin hits you with a +0 club.
You scratch the goblin.
You kill the goblin!
The giant cockroach bites you but does no damage.
You scratch the giant cockroach.
The giant cockroach is heavily wounded.
The giant cockroach bites you.
You scratch the giant cockroach.
The giant cockroach is almost dead.
The giant cockroach bites you but does no damage.
A giant cockroach is nearby!
You closely miss the giant cockroach.
The giant cockroach is almost dead.
The giant cockroach bites you but does no damage. x2
You barely miss the giant cockroach.
The giant cockroach is almost dead.
The giant cockroach barely misses you.
You completely miss the giant cockroach.
The giant cockroach is almost dead.
The giant cockroach bites you.
You claw the giant cockroach!
You kill the giant cockroach!
Saving game... please wait.
Welcome back, siradein the Troll Warper.
Press ? for a list of commands and other information.
Are you sure you want to abandon this character and quit the game? (Confirm with "yes".)

# #.####### #. .# #.# #.
.# ##'## # #.###.#
##...## #.#.....
##.|...## #.(.....
##.......##
####....####.........###
..........#.#.#.#.#..+..
##...@...#.#.#.#...###
#.#)####.#.#.#.#.##
...###.#.#.#.#..# #...
..#.≈≈≈≈≈.#.# ###.
##.#≈...≈#..#
#.####.≈<..≈.###
#.....#≈...≈#.#
######.≈≈≈≈≈.##
#####.#.#.#.#.#


There were no monsters in sight!

Vanquished Creatures
  A giant cockroach (D:1)
  A goblin (D:1)
  A bat (D:1)
3 creatures vanquished.

Notes
Turn   | Place    | Note
-------+----------+-------------------------------------------
     0 | D:1      | siradein the Troll Warper began the quest for the Orb.
     0 | D:1      | Reached XP level 1. HP: 19/19 MP: 1/1
    59 | D:1      | Found a faded altar of an unknown god.
   128 | D:1      | Quit the game

Illustrated notes

Levels and vault maps discovered:
D:1:      ncdulo_watergridlock, layout_loops_corners, basic_ecumenical_altar,
          minmay_tromino_i4

Action                   || total
-------------------------++-------
Melee: Unarmed           ||     9
       Punch             ||     1
Armor: Robe              ||     4
Dodge: Dodged            ||     2

Table legend: (Time is in decaauts)
 A = Elapsed time spent in this place.
 B = Non-inter-level travel time spent in this place.
 C = Inter-level travel time spent in this place.
 D = Time resting spent in this place.
 E = Time spent auto-exploring this place.
 F = Levels seen in this place.
 G = Mean time per level.
                   A        B        C        D        E       F      G
               +--------+--------+--------+--------+--------+-----+--------+
         Total |    128 |    128 |      0 |      0 |    111 |   1 |  128.0 |
       Dungeon |    128 |    128 |      0 |      0 |    111 |   1 |  128.0 |
               +--------+--------+--------+--------+--------+-----+--------+

Top non-repeatable levels by time:
     D:1: 128 daAuts
